 Dungeon Crawl Stone Soup version 0.28-a0-422-gd71735cc25 (webtiles) character file.

Game seed: 459536380285506535

118083 heikuro the Tortoise (level 17, -1/150 HPs)
             Began as a Formicid Fighter on Sept 8, 2021.
             Was a High Priest of Ashenzari.
             Slain by a salamander (5 damage)
             ... on level 1 of the Snake Pit.
             The game lasted 01:02:11 (24769 turns).

heikuro the Tortoise (Formicid Fighter)            Turns: 24769, Time: 01:02:12

Health: -1/150     AC: 26    Str: 37    XL:     17   Next: 30%
Magic:  17/17      EV:  7    Int: 11    God:    Ashenzari [*****.]
Gold:   3302       SH:  9    Dex: 21    Spells: 17/17 levels left

rFire   + . .      SeeInvis +   k - +0 great sword (venom)
rCold   . . .      Faith    .   c - +0 buckler of the Sky {Melee, Comp} (curse)
rNeg    . . .      Spirit   .   K - +3 chain mail of Ashenzari's Blue Moon {Str+7, Evo, Cun} (curse)
rPois   +          Reflect  .   (helmet unavailable)
rElec   .          Harm     .   E - +0 cloak "Shackled Loss" {Rampage Will- Int-2 Dex+9, Melee, Comp} (curse)
rCorr   .          Rampage  +   R - +1 pair of gloves of Supernal Understanding {Melee, Bglg} (curse)
Will    +....      Clarity  +   (no boots)
Stlth   ..........              A - amulet of the Eye in the Sky {Regen+, Evo, Self} (curse)
HPRegen 1.35/turn               x - ring "Mistrust of Ashenzari" {AC+4, Alch, Melee} (curse)
MPRegen 0.15/turn               q - ring "Cursed With Me" {rF+ Will+ Str+6 Int+3, Evo, Self} (curse)

@: lethally poisoned (-1 -> -2), constricted, very slow
A: permanent stasis, dig shafts and tunnels, antennae 3, four strong arms,
iridescent scales 1, poison resistance
a: Dig, Shaft Self, Renounce Religion, Curse Item, Shatter the Chains


You were on level 1 of the Snake Pit.
You worshipped Ashenzari.
Ashenzari was extremely pleased with you.
You visited 5 branches of the dungeon, and saw 25 of its levels.
You also visited: Sewer, Bailey and Volcano.

You collected 3758 gold pieces.
You spent 456 gold pieces at shops.

Inventory:

Hand Weapons
 b - a +2 vampiric falchion
 k - a +0 great sword of venom (weapon)
 z - a +0 great sword of flaming
 C - the +9 dagger "Dyebuost" {flame, rPois Str+3 Dex+4}
   (You found it on level 4 of the Lair of Beasts)

   It burns those it strikes, dealing additional fire damage.
   Str:       It affects your strength (+3).
   Dex:       It affects your dexterity (+4).
   rPois:     It protects you from poison.
Missiles
 y - 107 poisoned darts (quivered)
Armour
 c - the cursed +0 buckler of the Sky (worn) {Melee, Comp}

   It has a curse which improves the following skills: Melee Combat: Short
   Blades, Long Blades, Axes, Maces & Flails, Polearms, Staves and Unarmed
   Combat.
   Companions: Summonings and Necromancy.
 D - a +0 plate armour
 E - the cursed +0 cloak "Shackled Loss" (worn) {Rampage Will- Int-2 Dex+9, Melee, Comp}
   (You bought it in a shop on level 6 of the Dungeon)

   Int:       It affects your intelligence (-2).
   Dex:       It affects your dexterity (+9).
   Rampage:   It bestows one free step when moving towards enemies.
   Will:      It decreases your willpower.
   It has a curse which improves the following skills: Melee Combat: Short
   Blades, Long Blades, Axes, Maces & Flails, Polearms, Staves and Unarmed
   Combat.
   Companions: Summonings and Necromancy.
 K - the cursed +3 chain mail of Ashenzari's Blue Moon (worn) {Str+7, Evo, Cun}
   (You bought it in a shop on level 6 of the Dungeon)

   Str:       It affects your strength (+7).
   It has a curse which improves the following skills: Evocations: Evocations.
   Cunning:   Dodging and Stealth.
 R - the cursed +1 pair of gloves of Supernal Understanding (worn) {Melee, Bglg}
   (You found it on level 12 of the Dungeon)

   It has a curse which improves the following skills: Melee Combat: Short
   Blades, Long Blades, Axes, Maces & Flails, Polearms, Staves and Unarmed
   Combat.
   Beguiling: Conjurations, Hexes and Translocations.
Jewellery
 a - a +4 ring of evasion
 l - a ring of fire
 n - the ring of Ziod {rF+ Str+2}
   (You found it on level 4 of the Lair of Beasts)

   [ring of protection from fire]

   Str:       It affects your strength (+2).
   rF:        It protects you from fire.
 o - a ring of protection from cold
 q - the cursed ring "Cursed With Me" (right hand) {rF+ Will+ Str+6 Int+3, Evo, Self}
   (You acquired it on level 8 of the Dungeon)

   [ring of strength]

   Str:       It affects your strength (+6).
   Int:       It affects your intelligence (+3).
   rF:        It protects you from fire.
   Will:      It increases your willpower.
   It has a curse which improves the following skills: Evocations: Evocations.
   Introspection: Fighting and Spellcasting.
 r - a ring of positive energy
 x - the cursed ring "Mistrust of Ashenzari" (left hand) {AC+4, Alch, Melee}
   (You found it on level 4 of the Dungeon)

   [ring of protection]

   AC:        It affects your AC (+4).
   It has a curse which improves the following skills: Alchemy: Poison Magic and
   Transmutations.
   Melee Combat: Short Blades, Long Blades, Axes, Maces & Flails, Polearms,
   Staves and Unarmed Combat.
 A - the cursed amulet of the Eye in the Sky (around neck) {Regen+, Evo, Self}
   (You found it on level 5 of the Dungeon)

   [amulet of regeneration]

   Regen:     It increases your rate of health regeneration.
   It has a curse which improves the following skills: Evocations: Evocations.
   Introspection: Fighting and Spellcasting.
 G - a +6 ring of strength
 L - a +6 ring of dexterity
 T - an amulet of guardian spirit
 V - a ring of protection from cold
Wands
 B - a wand of polymorph (13)
 J - a wand of mindburst (29)
 M - a wand of paralysis (17)
 O - a wand of iceblast (4)
 Q - a wand of flame (88)
 S - a wand of digging (5)
Scrolls
 f - a scroll of summoning
 i - 5 scrolls of enchant weapon
 s - 3 scrolls of immolation
 t - 4 scrolls of fog
 v - 2 scrolls of magic mapping
 w - 3 scrolls of enchant armour
 F - a scroll of silence
 H - 3 scrolls of holy word
 I - a scroll of amnesia
 P - a scroll of fear
 W - a scroll of brand weapon
Potions
 d - 4 potions of might
 e - 5 potions of flight
 g - 6 potions of curing
 h - 2 potions of magic
 j - 4 potions of brilliance
 m - 2 potions of mutation
 p - 6 potions of cancellation
 N - 4 potions of resistance
Miscellaneous
 U - a phial of floods (inert)
 X - a condenser vane


   Skills:
 + Level 14.7(18.2) Fighting
 - Level 14.2(20.0) Long Blades
 + Level 15.2 Armour
 - Level 15.0 Shields
 + Level 12.8(17.6) Evocations


You had 17 spell levels left.
You didn't know any spells.
Your spell library contained the following spells:

 Spells                   Type           Power      Damage    Failure   Level
 Magic Dart               Conj           4%         1d3       58%         1
 Sting                    Tmut/Pois      4%         1d3       61%         1
 Shock                    Conj/Air       0%         1d3       63%         1
 Call Imp                 Summ           1%         N/A       71%         2
 Sublimation of Blood     Necr           0%         N/A       71%         2
 Wereblood                Tmut           1%         N/A       75%         2
 Conjure Flame            Conj/Fire      0%         6-21      94%         3
 Ignite Poison            Fire/Tmut/Pois 0%         N/A       94%         3
 Mephitic Cloud           Conj/Pois/Air  0%         N/A       94%         3
 Airstrike                Air            0%         N/A       100%        4
 Animate Armour           Summ/Erth      0%         N/A       100%        4
 Fulminant Prism          Conj/Hex       0%         3d6       100%        4
 Iskenderun's Mystic Bla  Conj/Tloc      1%         2d3       100%        4
 Leda's Liquefaction      Hex/Erth       0%         N/A       100%        4
 Olgreb's Toxic Radiance  Pois           1%         N/A       100%        4
 Sticky Flame             Conj/Fire      0%         2d3       100%        4
 Blade Hands              Tmut           0%         N/A       100%        5
 Lee's Rapid Deconstruct  Erth           0%         3d5*      100%        5
 Iron Shot                Conj/Erth      0%         9d1       100%        6
 Statue Form              Tmut/Erth      0%         N/A       100%        6
 Ozocubu's Refrigeration  Ice            0%         4d5       100%        7
 Summon Hydra             Summ           0%         N/A       100%        7
 Ignition                 Fire           0%         3d3       100%        8
 Swiftness                Air            Unusable   N/A       N/A         3

Dungeon Overview and Level Annotations

Branches:
Dungeon (15/15)            Temple (0/1) D:6            Lair (6/6) D:9
  Swamp (0/4) Lair:3        Snake (1/4) Lair:2        Slime (0/5) Lair:5
    Orc (2/2) D:9             Elf (1/3) Orc:2        Vaults (0/5) D:14
 Depths (0/5) D:15          Sewer (visited)          Bailey (visited)
Volcano (visited)

Altars:
Ashenzari
Elyvilon
Kikubaaqudgha
Makhleb
Okawaru
Qazlal
Sif Muna
Trog
Vehumet
Wu Jian
Zin
Beogh
Lugonu

Shops:
D:6 [   D:14 =   Orc:1 =   Orc:2 :!=(

Portals:
Abyss: Lair:6
Trove: D:10 (give +3 gold dragon scales)


Innate Abilities, Weirdness & Mutations

You cannot be hasted, slowed, berserked, paralysed or teleported.
You can dig through walls and to a lower floor.
You have a pair of large antennae on your head. (SInv)
Your four strong arms can wield two-handed weapons with a shield.
You are partially covered in iridescent scales. (AC +2)
Your system is resistant to poisons. (rPois)


Message History

The anaconda constricts you.
The salamander hits you but does no damage.
The naga ritualist prays to its god.
The naga ritualist begins to radiate toxic energy.
You are poisoned.
Unknown command.
You escape the anaconda's grasp.
You feel sick.
* * * LOW HITPOINT WARNING * * *
The anaconda grabs you. The anaconda barely misses you.
The anaconda constricts you.
* * * LOW HITPOINT WARNING * * *
You feel better.
You are poisoned.
The anaconda completely misses you. The anaconda bites you!
* * * LOW HITPOINT WARNING * * *
The anaconda constricts you.
* * * LOW HITPOINT WARNING * * *
The anaconda barely misses you. You block the anaconda's attack.
The anaconda constricts you. You block the salamander's attack.
Okay, then.
Aim the phial where?
Press: ? - help, Shift-Dir - straight line, f - anaconda
Aim: an anaconda The torrent of water hits the anaconda!
The anaconda is lightly wounded.
The anaconda is knocked back by the torrent of water.
The anaconda collides with the salamander!
The wave splashes down.
Splash!
You fall into the shallow water.
Moving in this stuff is going to be slow.
The salamander is engulfed in water.
The mana viper is engulfed in water.
The black mamba is engulfed in water.
You feel sick.
You hear an angry hiss.
You hear a shout!
You are more poisoned.
The anaconda bites you.
* * * LOW HITPOINT WARNING * * *
The anaconda constricts you. The anaconda barely misses you.
The salamander hits you from afar with a +0 halberd.
You die...

,* *, *.#
,#....####.####.## ,,, *,,
* .∆,#................ , ∆
#. #...........#.... * ,
*,* #.#####.N...######.. *
* {#.....#.N#######.###
*,, ####≈≈≈S#########...#
,*
***###..[≈SNS..#######).##
#.....≈S≈#÷########.##.
####.≈@S≈#.).######....
###≈###.....####....
###.#.......####....
#####.............##
#..#####.##...#.
###*######.(###.
#####..#... ##.#... ######


You could see 2 salamanders, 2 anacondas, a naga ritualist (toxic aura), a mana
viper (waterlogged) and 2 black mambas.

Vanquished Creatures
  A stone giant (Volcano)
  Snorg (Lair:6)
  The ghost of yellowboar the Severer, a journeyman MiBe of Trog (Lair:1)
  A great orb of eyes (D:15)
  A naga warrior (Snake:1)
  A rakshasa (D:15)
  2 vault guards (D:14)
  13 hydras
  Erolcha (D:12)
  5 boulder beetles
  4 ogre magi (Orc:2)
  An anaconda (Snake:1)
  2 catoblepae
  4 centaur warriors (D:13)
  4 death knights
  5 dancing weapons (Elf:1)
  3 two-headed ogres
  4 death yaks (Lair:6)
  A tengu warrior (D:15)
  3 thrashing horrors (Lair:6)
  2 deep elf knights (Elf:1)
  A naga sharpshooter (Snake:1)
  8 skeletal warriors
  A naga ritualist (Snake:1)
  A phantasmal warrior (D:11)
  2 orc knights (D:15)
  2 necromancers (D:14)
  5 deep elf pyromancers (Elf:1)
  3 deep elf zephyrmancers (Elf:1)
  7 orc sorcerers
  A mana viper (Snake:1)
  6 cyclopes
  10 ugly things
  2 manticores
  2 large abominations (Lair:6)
  3 elephants (Lair:6)
  A guardian serpent (shapeshifter) (D:15)
  Joseph (D:7)
  8 black mambas
  Maurice (D:11)
  3 smoke demons (Lair:6)
  Maggie (D:8)
  7 yaktaurs
  14 cane toads
  3 gargoyles
  2 rime drakes
  Psyche (D:8)
  5 freezing wraiths
  A rime drake (shapeshifter) (Lair:6)
  7 komodo dragons
  2 ancient zymes (Lair:6)
  4 tengu conjurers (D:14)
  2 efreet
  A kobold demonologist (D:5)
  A polar bear (Lair:5)
  4 trolls
  3 meliai (D:14)
  A hornet (shapeshifter) (D:14)
  11 dream sheep (Lair:5)
  34 blink frogs
  A wind drake (shapeshifter) (Lair:6)
  9 small abominations (Lair:6)
  7 slime creatures
  A spriggan (Lair:6)
  A centaur simulacrum (D:15)
  2 shadows (D:10)
  A ynoxinul (Lair:6)
  An air elemental (Elf:1)
  9 wraiths
  10 fire bats (Volcano)
  A tarantella (shapeshifter) (D:14)
  20 humans (D:14)
  16 yaks
  4 wyverns
  2 vampires
  11 basilisks
  A chaos spawn (Lair:6)
  2 steam dragons
  6 nagas
  2 vampire mosquitoes (D:14)
  2 wargs
  3 acid dragons
  17 water moccasins
  18 orc warriors
  A sky beast (D:7)
  4 black bears
  2 necrophages (D:6)
  5 ogres
  27 wolves
  14 centaurs
  A phantom (D:5)
  2 kobold brigands
  12 bullfrogs
  2 earth elementals (Volcano)
  2 scorpions
  A water moccasin skeleton (D:4)
  4 killer bees (D:7)
  A wight (D:5)
  A howler monkey (D:13)
  9 lava snakes
  6 centaur zombies
  16 orc priests
  2 jellies
  A bullfrog skeleton (D:6)
  An iguana (D:6)
  42 orc wizards
  A scorpion zombie (D:5)
  A howler monkey zombie (D:9)
  11 adders
  An ufetubus (D:6)
  2 adder skeletons
  3 worms
  2 dart slugs
  63 orcs
  6 endoplasms
  5 giant cockroaches
  18 goblins
  6 hobgoblins
  12 jackals
  25 kobolds
  8 quokkas
  9 ball pythons
  9 bats
  5 frilled lizards
  13 rats
735 creatures vanquished.

Vanquished Creatures (others)
  A centaur zombie (D:10)
  A bush (Lair:6)
  19 fungi
  34 plants
55 creatures vanquished.

Grand Total: 790 creatures vanquished

Notes
Turn   | Place    | Note
-------+----------+-------------------------------------------
     0 | D:1      | heikuro the Formicid Fighter began the quest for the Orb.
     0 | D:1      | Reached XP level 1. HP: 18/18 MP: 1/1
    98 | D:1      | Reached XP level 2. HP: 22/24 MP: 2/2
   196 | D:1      | You fall into a shaft and drop 1 floor!
   257 | D:2      | Found a broken altar of Ashenzari.
   274 | D:2      | Became a worshipper of Ashenzari the Shackled
   394 | D:1      | Reached XP level 3. HP: 29/29 MP: 3/3
  1263 | D:2      | Reached XP level 4. HP: 34/35 MP: 4/4
  2013 | D:3      | Reached XP level 5. HP: 42/42 MP: 5/5
  3248 | D:3      | Reached XP level 6. HP: 42/48 MP: 6/6
  3397 | D:4      | Identified a scroll of acquirement
  3464 | D:4      | Found a glowing drain.
  3485 | Sewer    | Entered a sewer
  3760 | Sewer    | Reached * piety under Ashenzari
  3946 | Sewer    | Gained mutation: Your flesh is cold resistant. (rC+)
                  | [potion of mutation]
  3946 | Sewer    | Gained mutation: You possess an exceptional clarity of
                  | mind. [potion of mutation]
  4417 | D:4      | Reached skill level 5 in Shields
  4425 | D:4      | Reached XP level 7. HP: 41/55 MP: 7/7
  4899 | D:4      | Reached ** piety under Ashenzari
  5101 | D:5      | Entered Level 5 of the Dungeon
  5116 | D:5      | Reached skill level 5 in Long Blades
  5135 | D:5      | Reached skill level 5 in Fighting
  5172 | D:5      | Reached skill level 5 in Armour
  5444 | D:5      | Identified the +3 hand axe of the Foot {vorpal, rPois rC+
                  | rCorr Str-4}
  5447 | D:5      | Found a transporter.
  5447 | D:5      | Found a transporter.
  5467 | D:5      | Found an iron altar of Okawaru.
  5468 | D:5      | Found a glowing silver altar of Zin.
  5468 | D:5      | Noticed a kobold demonologist
  5469 | D:5      | Found a bloodstained altar of Trog.
  5573 | D:5      | Reached XP level 8. HP: 62/62 MP: 8/8
  5651 | D:5      | Found an ornate altar of the Wu Jian Council.
  5755 | D:6      | Lost mutation: Your flesh is cold resistant. (rC+) [potion
                  | of mutation]
  5755 | D:6      | Gained mutation: You are weak. (Str -2) [potion of
                  | mutation]
  5755 | D:6      | Lost mutation: You are weak. (Str -2) [potion of mutation]
  5817 | D:6      | Found a shimmering blue altar of Sif Muna.
  5822 | D:6      | Identified Sif Muna's Disquisition on Transmutation
  6165 | D:6      | Found Jothraq's Antique Armour Shop.
  6168 | D:6      | Bought a warped cloak for 228 gold pieces
  6168 | D:6      | Identified the +0 cloak of Epneebba {Rampage Will- Int-2
                  | Dex+9} (You bought it in a shop on level 6 of the Dungeon)
  6286 | D:6      | Found a staircase to the Ecumenical Temple.
  6762 | D:6      | Found a broken altar of Ashenzari.
  6941 | D:7      | Found a flagged portal.
  6955 | Bailey   | Entered a bailey
  6980 | Bailey   | Identified the +10 shortbow of Sunnozih {venom, *Corrode
                  | rF++ Dex+5}
  6997 | Bailey   | Reached XP level 9. HP: 64/69 MP: 9/9
  7020 | Bailey   | Found an iron altar of Okawaru.
  7517 | D:7      | Lost mutation: You possess an exceptional clarity of mind.
                  | [potion of mutation]
  7517 | D:7      | Gained mutation: You are partially covered in iridescent
                  | scales. (AC +2) [potion of mutation]
  7517 | D:7      | Gained mutation: Your system is resistant to poisons.
                  | (rPois) [potion of mutation]
  7556 | D:7      | Noticed Joseph
  7573 | D:7      | Killed Joseph
  7809 | D:8      | Found a stormy altar of Qazlal.
  7935 | D:8      | Noticed Psyche
  7950 | D:8      | Killed Psyche
  7951 | D:8      | Reached XP level 10. HP: 66/79 MP: 10/10
  8007 | D:8      | Noticed Maggie
  8034 | D:8      | Killed Maggie
  8526 | D:8      | Acquired the ring "Xeschala" {rF+ Will+ Str+6 Int+3}
  9111 | D:9      | Found a staircase to the Lair.
  9208 | D:9      | Found a staircase to the Orcish Mines.
  9209 | D:9      | Noticed a two-headed ogre
  9418 | D:9      | Identified the +1 ring mail of Duty {+Blink rCorr}
  9529 | D:6      | Bought a translucent chain mail for 228 gold pieces
  9529 | D:6      | Identified the +3 chain mail of Soliw {Str+7} (You bought
                  | it in a shop on level 6 of the Dungeon)
  9671 | D:9      | Noticed a gargoyle
  9686 | D:9      | Killed a gargoyle
  9772 | D:9      | Noticed a two-headed ogre
  9779 | D:9      | Killed a two-headed ogre
  9780 | D:9      | Reached skill level 10 in Long Blades
  9780 | D:9      | Reached skill level 1 in Evocations
  9780 | D:9      | Reached XP level 11. HP: 90/90 MP: 11/11
  9887 | D:9      | Killed a two-headed ogre
  9918 | D:9      | Found a burning altar of Makhleb.
 10026 | D:10     | Entered Level 10 of the Dungeon
 10284 | D:10     | Reached *** piety under Ashenzari
 10380 | D:10     | Found a portal to a secret trove of treasure.
 10425 | D:10     | Found a white marble altar of Elyvilon.
 10688 | D:10     | Noticed a boulder beetle
 10713 | D:10     | Killed a boulder beetle
 10747 | D:10     | Reached skill level 10 in Shields
 10826 | D:11     | Noticed Maurice
 10836 | D:11     | Killed Maurice
 10915 | D:11     | Noticed a skeletal warrior
 10942 | D:11     | Killed a skeletal warrior
 10977 | D:11     | Noticed a phantasmal warrior
 10978 | D:11     | Noticed a death knight
 10990 | D:11     | Killed a phantasmal warrior
 11003 | D:11     | Killed a death knight
 11004 | D:11     | Reached skill level 5 in Evocations
 11004 | D:11     | Reached XP level 12. HP: 54/103 MP: 12/12
 11326 | D:11     | Reached skill level 10 in Fighting
 11345 | D:11     | Reached skill level 10 in Armour
 11625 | D:12     | Noticed a two-headed ogre
 11635 | D:12     | Killed a two-headed ogre
 11780 | D:12     | Reached **** piety under Ashenzari
 12040 | D:12     | Noticed a seven-headed hydra
 12048 | D:12     | Killed a four-headed hydra
 12092 | D:12     | Noticed Erolcha
 12101 | D:12     | Killed Erolcha
 12565 | D:13     | Noticed a centaur warrior
 12579 | D:13     | Killed a centaur warrior
 12776 | D:13     | Reached XP level 13. HP: 106/111 MP: 13/13
 12813 | D:13     | Noticed a boulder beetle
 12862 | D:13     | Killed a boulder beetle
 12910 | D:13     | Noticed a centaur warrior
 12921 | D:13     | Killed a centaur warrior
 13180 | D:13     | Noticed a centaur warrior
 13188 | D:13     | Killed a centaur warrior
 13371 | D:13     | Noticed a five-headed hydra
 13379 | D:13     | Killed a one-headed hydra
 13398 | D:13     | Noticed a centaur warrior
 13404 | D:13     | Killed a centaur warrior
 13568 | D:14     | Acquired 874 gold pieces
 13936 | D:14     | Found a gate to the Vaults.
 13936 | D:14     | Noticed a vault guard
 13936 | D:14     | Noticed a vault guard
 13989 | D:14     | Killed a vault guard
 14014 | D:14     | Killed a vault guard
 14142 | D:14     | Noticed a boulder beetle
 14178 | D:14     | Killed a boulder beetle
 14300 | D:13     | Reached XP level 14. HP: 43/123 MP: 14/14
 14436 | D:14     | Found a broken altar of Ashenzari.
 14546 | D:14     | Found a radiant altar of Vehumet.
 14972 | D:14     | Found Lacs's Jewellery Emporium.
 15140 | D:15     | Entered Level 15 of the Dungeon
 15886 | D:15     | Reached skill level 10 in Evocations
 16705 | D:15     | Found a staircase to the Depths.
 17003 | D:15     | Reached XP level 15. HP: 99/131 MP: 15/15
 17227 | Lair:1   | Entered Level 1 of the Lair of Beasts
 17425 | Lair:1   | Found a transporter.
 17443 | Lair:1   | Noticed yellowboar's ghost (journeyman MiBe)
 17538 | Lair:1   | Reached ***** piety under Ashenzari
 17638 | Lair:1   | Found a transporter.
 17809 | Lair:1   | Killed yellowboar's ghost
 18020 | Lair:2   | Found a staircase to the Snake Pit.
 19185 | Lair:3   | Found a staircase to the Swamp.
 19404 | Lair:4   | Identified the ring of Ziod {rF+ Str+2}
 19771 | Lair:4   | Identified the +9 dagger "Dyebuost" {flame, rPois Str+3
                  | Dex+4}
 19989 | Lair:5   | Found a staircase to the Slime Pits.
 20793 | Lair:6   | Entered Level 6 of the Lair of Beasts
 20796 | Lair:6   | Noticed Snorg
 20863 | Lair:6   | Reached XP level 16. HP: 116/141 MP: 16/16
 21307 | Lair:6   | Reached skill level 15 in Shields
 21762 | Lair:6   | Found a corrupted altar of Lugonu.
 21762 | Lair:6   | Found a one-way gate to the infinite horrors of the Abyss.
 22195 | Lair:6   | Killed Snorg
 22526 | Orc:1    | Entered Level 1 of the Orcish Mines
 22585 | Orc:1    | Found a dark tunnel.
 22597 | Volcano  | Entered a volcano
 22773 | Volcano  | Found a radiant altar of Vehumet.
 22807 | Orc:1    | Found Jesestro's Jewellery Emporium.
 23259 | Orc:2    | Entered Level 2 of the Orcish Mines
 23259 | Orc:2    | Found a bloodstained altar of Trog.
 23326 | Orc:2    | Found a staircase to the Elven Halls.
 23692 | Orc:2    | Found Seinonil's Book Shoppe.
 23732 | Orc:2    | Found an ancient bone altar of Kikubaaqudgha.
 23735 | Orc:2    | Found Ocsilin's Jewellery Emporium.
 23800 | Orc:2    | Found a radiant altar of Vehumet.
 23852 | Orc:2    | Found Syix's Distillery.
 23884 | Orc:2    | Found Reit Yfi's Antique Weapon Shoppe.
 24096 | Elf:1    | Entered Level 1 of the Elven Halls
 24130 | Elf:1    | Reached skill level 15 in Armour
 24130 | Elf:1    | Reached XP level 17. HP: 141/147 MP: 17/17
 24403 | Snake:1  | Entered Level 1 of the Snake Pit
 24762 | Snake:1  | HP: 6/150 [anaconda (9)]
 24767 | Snake:1  | HP: 6/150 [constriction (2)]
 24769 | Snake:1  | Slain by a salamander

Illustrated notes

Levels and vault maps discovered:
D:1:      dpeg_arrival_shelter, layout_basic, shapermc_ecumenical_altar_petra,
          minmay_bisected
D:2:      minmay_razor_zed, layout_loops_ring, basic_altar
D:3:      layout_rooms
D:4:      layout_cave_pools, gup_sewer_entry_pipe
D:5:      layout_cave_pools, mainiacjoe_overflow_brackets,
          gammafunk_temple_overflow_arena
D:6:      layout_layer_cave, general_overflow_altar, led_sif_book,
          minmay_temple_entry_wispy, serial_shops, nicolae_shop_behind_doors,
          hangedman_decor_growths, minivault_23
D:7:      wander_river, layout_loops_cross, enter_bailey_3, uniq_joseph
D:8:      layout_layer_cave, nicolae_qazlal_general_emergency, uniq_psyche,
          uniq_maggie
D:9:      layout_roguey, lightli_temple_of_fire, lair_entry_dummy, david_orc_3
D:10:     layout_gridville, elyvilon_altar_3, trove_entry_hex_spiral,
          st_stairs_5
D:11:     layout_roguey, nzn_life_drinkers, uniq_maurice
D:12:     layout_irregular_city, uniq_erolcha
D:13:     layout_basic
D:14:     layout_roguey, grunt_vaults_entry_tiered, serial_shops, shop,
          nicolae_vehumet_altar_sigil, ashenzari_conservatory_becter
D:15:     gammafunk_enter_depths_forms, layout_loops_cross
Lair:1:   layout_cave_shapes, nzn_ghost_randoct, serial_bayou_shore_b
Lair:2:   layout_small_grid, guppyfry_snake_entry_garden, grunt_megastairs_1
Lair:3:   layout_chaotic_city, swamp_mist_pool, chequers_serial_rivers_small_3,
          lemuel_fruit_tree, grunt_megastairs_3
Lair:4:   layout_long_grid, serial_bayou, serial_bayou_pond_a,
          serial_bayou_pond_d, serial_bayou_crossing, serial_bayou_pond_d,
          serial_bayou_pond_d, chequers_serial_rivers_room_a, st_stairs_6
Lair:5:   layout_regular_city, slime_dummy
Lair:6:   hellmonk_lair_end_abyssal_woods, layout_cave_pods, grunt_megastairs_2,
          uniq_snorg
Snake:1:  layout_honeycomb, nicolae_snake_gridmaze_swirls
Orc:1:    layout_caves, nicolae_volcano_entry_hallway, serial_shops, shop
Orc:2:    kennysheep_orc_mage_school, layout_caves, basic_altar,
          nicolae_orc_lava_tube
Elf:1:    layout_geoelf_grid, hangedman_elven_crosses_minicolossus

Skill      XL: |  1  2  3  4  5  6  7  8  9 10 11 12 13 14 15 16 17 |
---------------+----------------------------------------------------+-----
Shields        | 4 5 6 7 9 10 11 13 14 15 | 15.0
Long Blades    | 3 4 5 6 8 10 12 13 14 | 14.2
Fighting       | 4 5 6 7 8 9 10 12 13 14 | 14.7
Armour         | 4 5 6 7 8 9 10 12 13 14 15 | 15.2
Evocations     | 1 5 7 9 10 11 12 | 12.8

Action                   |  1- 3 |  4- 6 |  7- 9 | 10-12 | 13-15 | 16-18 || total
-------------------------+-------+-------+-------+-------+-------+-------++-------
Melee: Long sword        |    83 |       |       |       |       |       ||    83
       Dagger            |    20 |   312 |   121 |       |    29 |       ||   482
       Falchion          |       |       |   194 |   558 |   821 |       ||  1573
       Scimitar          |       |       |       |     5 |    59 |    16 ||    80
       Great sword       |       |       |       |       |   466 |   636 ||  1102
Throw: Dart              |       |       |       |     1 |       |       ||     1
Invok: Curse Item        |       |     2 |     1 |     4 |     2 |       ||     9
       Shatter the Chain |       |       |     1 |     1 |       |       ||     2
 Abil: Dig               |       |     3 |     4 |     4 |     5 |     8 ||    24
Evoke: Wand              |       |       |       |     6 |     1 |       ||     7
       Phial of floods   |       |       |       |       |       |     1 ||     1
  Use: Potion            |       |     1 |     2 |     1 |     5 |     2 ||    11
       Scroll            |       |       |       |     1 |     2 |       ||     3
Armor: Scale mail        |    52 |   144 |   122 |       |       |       ||   318
       Plate armour      |       |       |    18 |    56 |       |       ||    74
       Chain mail        |       |       |       |   165 |   669 |   330 ||  1164
       Ring mail         |       |       |       |     2 |       |       ||     2
Dodge: Dodged            |    68 |   142 |   200 |   152 |   419 |   229 ||  1210
Block: Buckler           |    28 |    69 |    87 |   146 |   494 |   232 ||  1056

Table legend: (Time is in decaauts)
 A = Elapsed time spent in this place.
 B = Non-inter-level travel time spent in this place.
 C = Inter-level travel time spent in this place.
 D = Time resting spent in this place.
 E = Time spent auto-exploring this place.
 F = Levels seen in this place.
 G = Mean time per level.
                   A        B        C        D        E       F      G
               +--------+--------+--------+--------+--------+-----+--------+
         Total |  24149 |  22342 |   1807 |   2379 |  12654 |  28 |  862.5 |
       Dungeon |  15640 |  14312 |   1328 |   1636 |   8212 |  15 | 1042.7 |
          Lair |   5196 |   4817 |    379 |    371 |   2987 |   6 |  866.0 |
     Snake Pit |    346 |    346 |      0 |     40 |    155 |   1 |  346.0 |
  Orcish Mines |   1343 |   1272 |     71 |     30 |    792 |   2 |  671.5 |
   Elven Halls |    217 |    189 |     28 |     58 |      9 |   1 |  217.0 |
         Sewer |   1059 |   1059 |      0 |    241 |    498 |   1 | 1059.0 |
        Bailey |    163 |    163 |      0 |      3 |      0 |   1 |  163.0 |
       Volcano |    182 |    182 |      0 |      0 |      0 |   1 |  182.0 |
               +--------+--------+--------+--------+--------+-----+--------+

Top non-repeatable levels by time:
    D:14: 1706 daAuts
     D:2: 1551 daAuts
  Lair:6: 1514 daAuts
     D:8: 1429 daAuts
    D:13: 1243 daAuts
     D:6: 1170 daAuts
    D:15: 1069 daAuts
   Sewer: 1059 daAuts
     D:1: 978 daAuts
     D:9: 894 daAuts
     D:3: 873 daAuts
    D:11: 871 daAuts
  Lair:2: 868 daAuts
     D:7: 846 daAuts
  Lair:5: 824 daAuts
